 Dungeon Crawl Stone Soup version 0.31.0-32-g396128a36d (webtiles) character file.

Game seed: 4194616893322760118

2358 ChadusMaximus the Summoner (level 9, -8/71 HPs)
             Began as a Barachi Summoner on Mar 8, 2024.
             Succumbed to a water moccasin's poison
             ... on level 7 of the Dungeon.
             The game lasted 00:07:40 (6771 turns).

ChadusMaximus the Summoner (Barachi Summoner)       Turns: 6771, Time: 00:07:40

Health: -8/71      AC:  5    Str:  9    XL:     9   Next: 44%
Magic:  3/18       EV: 11    Int: 20    God:
Gold:   166        SH:  0    Dex: 13    Spells: 7/20 levels left

rFire   . . .        w - +2 dagger (elec)
rCold   + . .        (no shield)
rNeg    . . .        i - +2 leather armour {rC+}
rPois   .            (no helmet)
rElec   .            z - scarf {shadows}
rCorr   .            (no gloves)
SInv    .            (no boots)
Will    .....        (no amulet)
Stlth   ++           (no ring)
HPRegen 0.31/turn    (no ring)
MPRegen 0.16/turn

%: no passive effects
@: lethally poisoned (-8 -> -40), unable to hop, unable to call your familiar,
slow
A: amphibious, slowness 1, strong legs 1, +LOS
a: Hop


You were on level 7 of the Dungeon.
You visited 1 branch of the dungeon, and saw 7 of its levels.

You collected 350 gold pieces.
You spent 184 gold pieces at shops.

Inventory:

Hand Weapons
 c - a +0 dagger
 o - a +2 dagger of venom
 w - a +2 dagger of electrocution (weapon)
Armour
 i - a +2 leather armour of cold resistance (worn)
 z - a scarf of shadows (worn)
Jewellery
 u - an amulet of guardian spirit
Scrolls
 e - a scroll of amnesia {unknown}
 f - a scroll of vulnerability {unknown}
 g - 2 scrolls of noise {unknown}
 j - 5 scrolls of teleportation {unknown}
 k - 5 scrolls of identify {unknown}
 n - a scroll of fog {unknown}
 p - 2 scrolls of enchant armour {unknown}
 q - 2 scrolls of poison {unknown}
 r - a scroll of brand weapon {unknown}
 s - 2 scrolls of immolation {unknown}
 t - a scroll of torment {unknown}
 y - a scroll of enchant weapon {unknown}
Potions
 a - a potion of heal wounds {unknown}
 b - 3 potions of magic
 d - 4 potions of curing
 h - 3 potions of degeneration {unknown}
 l - 2 potions of lignification {unknown}
 m - a potion of berserk rage {unknown}
 v - a potion of cancellation {unknown}
 x - a potion of might {unknown}
 A - a potion of mutation {unknown}
 B - a potion of brilliance {unknown}


   Skills:
 + Level 6.5 Fighting
 + Level 6.2 Armour
 - Level 2.1 Dodging
 - Level 1.7 Stealth
 + Level 6.0 Spellcasting
 * Level 10.6 Summonings


You had 7 spell levels left.
You knew the following spells:

 Your Spells              Type           Power      Damage    Failure   Level
a - Summon Small Mammal   Summ           100%       N/A       1%          1
b - Call Canine Familiar  Summ           48%        N/A       1%          3
c - Call Imp              Summ           96%        N/A       1%          2
d - Summon Ice Beast      Ice/Summ       27%        N/A       4%          3
e - Summon Lightning Spi  Summ/Air       27%        N/A       16%         4

Your spell library contained the following spells:

 Spells                   Type           Power      Damage    Failure   Level
 Summon Blazeheart Golem  Fire/Summ      27%        N/A       16%         4
 Blink                    Tloc           12%        N/A       21%         2
 Lesser Beckoning         Tloc           12%        N/A       21%         2
 Momentum Strike          Conj/Tloc      12%        3d8       21%         2
 Summon Cactus Giant      Summ           24%        N/A       26%         6
 Dazzling Flash           Conj/Hex       12%        N/A       38%         3
 Hailstorm                Conj/Ice       6%         3d5       38%         3
 Mephitic Cloud           Conj/Alch/Air  6%         N/A       38%         3
 Summon Forest            Summ/Tloc      13%        N/A       41%         5
 Summon Mana Viper        Hex/Summ       27%        N/A       41%         5
 Curse of Agony           Necr           6%         N/A       98%         5
 Silence                  Hex/Air        3%         N/A       98%         5
 Sculpt Simulacrum        Ice/Alch       3%         N/A       100%        6


Dungeon Overview and Level Annotations

Branches:
Dungeon (7/15)             Temple (0/1) D:6

Altars:
Ru
The Shining One

Shops:
D:5 [


Innate Abilities, Weirdness & Mutations

You are amphibious.
You cover ground slowly.
You can hop short distances.
You have an extended range of vision and can be seen from far away.


Message History

An orc comes into view. It is wielding a +0 hand axe.
The water moccasin closely misses you. The water moccasin bites you.
You are poisoned.
The water moccasin poisons you!
You feel very sick.
The water moccasin attacks as it pursues you!
The water moccasin bites you. x2
You are more poisoned.
The water moccasin poisons you!
You feel very sick.
The water moccasin attacks as it pursues you!
The water moccasin misses you.
Hop to where?
Press: ? - help, Dir - move target
Found a stone staircase leading down.
Boing!
You feel very sick. The water moccasin barely misses you.
You feel very sick. The water moccasin bites you.
You are more poisoned.
The water moccasin poisons you! The orc barely misses your ice beast.
The orc hits you with a +2 mace of protection.
You feel very sick. The water moccasin closely misses you.
Your ice beast hits the orc.
Your ice beast freezes the orc!
The orc dies!
You feel very sick.
The water moccasin attacks as it pursues you!
The water moccasin bites you.
* * * LOW HITPOINT WARNING * * *
You are lethally poisoned!
The water moccasin poisons you! The water moccasin bites you.
* * * LOW HITPOINT WARNING * * *
You are more poisoned.
The water moccasin poisons you!
* * * LOW HITPOINT WARNING * * *
You feel extremely sick. The water moccasin barely misses you.
An orc comes into view. It is wielding a +0 short sword.
You die...

#.#....# #
#.#.####.#
#........#
###......#
#..###.# #..#
# #..#
#####..#
#.S.@..# #
#o###.##.#
#.)Yo.)..#
##..##o####.#
#...........#
#....#.#######
#.#..#.#
#.#..#)#
..####.#


You could see an orc warrior, a water moccasin and an orc (wandering).

Vanquished Creatures
  A steam dragon (D:4)
  A centaur (D:6)
  2 bullfrogs (D:6)
  A scorpion (D:5)
  A howler monkey (D:4)
  4 bombardier beetles
  5 hounds
  A sleepcap (D:6)
  An orc priest (D:6)
  An orc wizard (D:5)
  3 adders
  A shadow imp (D:6)
  2 ufetubi (D:5)
  A ribbon worm (D:2)
  3 orcs
  5 bats
  5 endoplasms
  6 goblins
  5 hobgoblins
  3 quokkas
  7 ball pythons
  2 frilled lizards
  9 kobolds
  4 rats
74 creatures vanquished.

Vanquished Creatures (collateral kills)
  Pikel (D:6)
  A water moccasin (D:6)
  A sky beast (D:6)
  3 black bears
  2 ogres
  Blork the orc (D:6)
  A howler monkey (D:4)
  A bombardier beetle (D:7)
  A hound (D:5)
  2 sleepcaps
  2 orc wizards
  6 gnolls
  2 adders
  A dart slug (D:3)
  4 orcs
  An endoplasm (D:1)
  A goblin (D:3)
  A hobgoblin (D:4)
  A quokka (D:2)
  4 kobolds
  2 rats (D:1)
39 creatures vanquished.

Vanquished Creatures (others)
  2 orcs (D:4)
2 creatures vanquished.

Grand Total: 115 creatures vanquished

Notes
Turn   | Place    | Note
-------+----------+-------------------------------------------
     0 | D:1      | ChadusMaximus the Barachi Summoner began the quest for the
                  | Orb.
     0 | D:1      | Reached XP level 1. HP: 13/13 MP: 3/3
    37 | D:1      | Reached skill level 5 in Summonings
   204 | D:1      | Reached XP level 2. HP: 19/20 MP: 5/5
   319 | D:1      | Reached skill level 1 in Fighting
   820 | D:1      | Reached XP level 3. HP: 26/26 MP: 6/6
   884 | D:1      | Learned a level 3 spell: Call Canine Familiar
   887 | D:1      | Learned a level 2 spell: Call Imp
  1202 | D:2      | Reached skill level 1 in Armour
  1202 | D:2      | Reached XP level 4. HP: 8/33 MP: 2/8
  1615 | D:3      | Reached skill level 6 in Summonings
  1625 | D:3      | Reached XP level 5. HP: 3/38 MP: 3/9
  2495 | D:4      | Noticed a steam dragon
  2501 | D:4      | Reached XP level 6. HP: 42/46 MP: 1/11
  2510 | D:4      | Killed a steam dragon
  2511 | D:4      | Reached skill level 7 in Summonings
  2796 | D:4      | Reached XP level 7. HP: 38/52 MP: 7/12
  3490 | D:5      | Entered Level 5 of the Dungeon
  3519 | D:5      | Found a sacrificial altar of Ru.
  3552 | D:5      | Learned a level 3 spell: Summon Ice Beast
  3557 | D:5      | Learned a level 4 spell: Summon Lightning Spire
  3669 | D:5      | Reached skill level 8 in Summonings
  3717 | D:5      | Reached XP level 8. HP: 61/61 MP: 9/14
  3774 | D:5      | Found Ofezaf's Antique Armour Shoppe.
  3779 | D:5      | Bought a runed scarf for 184 gold pieces
  4151 | D:5      | HP: 2/61 [burnt (4)]
  4987 | D:6      | Reached skill level 5 in Fighting
  4987 | D:6      | Reached skill level 9 in Summonings
  4998 | D:6      | Reached skill level 5 in Spellcasting
  5179 | D:6      | Noticed Pikel
  5199 | D:6      | Killed Pikel
  5200 | D:6      | Reached skill level 5 in Armour
  5200 | D:6      | Reached XP level 9. HP: 55/69 MP: 3/17
  5415 | D:6      | Found a staircase to the Ecumenical Temple.
  5424 | D:6      | Reached skill level 10 in Summonings
  5912 | D:6      | Found a glowing golden altar of the Shining One.
  6197 | D:6      | Noticed Blork the orc
  6211 | D:6      | Killed Blork the orc
  6770 | D:7      | HP: 1/71 [poisoned by a water moccasin]
  6771 | D:7      | Succumbed to a water moccasin's poison

Illustrated notes

Levels and vault maps discovered:
D:1:      minmay_arrival_shoal_huts, layout_loops_cross, dk_noncrumbling_3,
          minmay_octomino_e4
D:2:      layout_rooms, grunt_decor_mini_mirrors, uniq_natasha
D:3:      kennysheep_big_flooded_room, layout_basic
D:4:      layout_basic, minmay_cut_off
D:5:      layout_basic, lemuel_tele_altar, serial_shops, shop
D:6:      wad_lake_hut, layout_loops_ring, mainiacjoe_overflow_tiny_flanked,
          minmay_temple_entry_proselytizer, uniq_pikel, uniq_blork_the_orc
D:7:      layout_basic, riverfiend_overflow_shadow_ancestor, nrook_campfire,
          david_defended_altar_orc

Skill      XL: |  1  2  3  4  5  6  7  8  9 |
---------------+----------------------------+-----
Summonings     | 5 6 7 8 9 10 | 10.6
Fighting       | 1 2 3 4 5 6 |  6.5
Armour         | 1 2 3 4 5 6 |  6.2
Spellcasting   | 3 4 5 6 |  6.0
Dodging        | |  2.1
Stealth        | |  1.7

Action                     |  1- 3 |  4- 6 |  7- 9 || total
---------------------------+-------+-------+-------++-------
  Melee: Unarmed           |     6 |       |       ||     6
         Dagger            |   110 |    70 |   127 ||   307
         Punch             |     2 |     5 |     2 ||     9
   Cast: Summon Small Mamm |    15 |     4 |     7 ||    26
         Call Canine Famil |     1 |     7 |    19 ||    27
         Call Imp          |     1 |     6 |    14 ||    21
         Summon Ice Beast  |       |       |     6 ||     6
         Summon Lightning  |       |       |     1 ||     1
Ability: Hop               |     1 |     1 |     4 ||     6
    Use: Potion            |     2 |     1 |     2 ||     5
   Stab: Sleeping          |     3 |     3 |     2 ||     8
         Distracted        |       |     1 |       ||     1
 Armour: Robe              |    28 |       |       ||    28
         Leather armour    |    33 |    59 |   146 ||   238
  Dodge: Dodged            |    72 |    54 |    96 ||   222
